 Dungeon Sprint DCSS version 0.27-a0-1456-gf5a116941d (webtiles) character file.

Game seed: 15608509957601499538

8 Brandom the Skirmisher (level 2, -2/16 HPs)
             Began as a Vine Stalker Fighter on July 6, 2021.
             Slain by a gnoll shaman (7 damage)
             ... in the Dungeon (Sprint IX: "|||||||||||||||||||||||||||||").
             The game lasted 00:00:14 (107 turns).

Brandom the Skirmisher (Vine Stalker Fighter)        Turns: 107, Time: 00:00:15

Health: -2/16      AC:  6    Str: 18    XL:     2   Next: 8%
Magic:  0/3        EV:  7    Int:  8    God:
Gold:   0          SH:  9    Dex: 13    Spells: 1/1 levels left

rFire    . . .     SeeInvis .   a - +0 long sword
rCold    . . .     Faith    .   c - +0 kite shield
rNeg     . . .     Spirit   +   b - +0 scale mail
rPois    .         Reflect  .   (no helmet)
rElec    .         Harm     .   (no cloak)
rCorr    .         Rampage  .   (no gloves)
Will     .....     NoTele   +   (no boots)
Stlth    ..........             (no amulet)
HPRegen  0.05/turn              (no ring)
MPRegen  0.08/turn              (no ring)

@: no status effects
A: fangs 2, magic shield, antimagic bite, no potion heal 2
a: no special abilities


You were in the Dungeon.
You visited 1 branch

Inventory:

Hand Weapons
 a - a +0 long sword (weapon)
Armour
 b - a +0 scale mail (worn)
 c - a +0 kite shield (worn)
Scrolls
 i - a scroll of blinking
Potions
 d - a potion of might
 e - a potion of curing {@q1}
 f - a potion of haste {@q3}
 g - 2 potions of magic
 h - a potion of berserk rage


   Skills:
 + Level 3.2 Fighting
 + Level 2.5 Long Blades
 + Level 2.9 Armour
 + Level 3.2 Shields


You had one spell level left.
You didn't know any spells.
Your spell library was empty.

Dungeon Overview and Level Annotations

Branches:
Dungeon (1/1)

Altars:


Innate Abilities, Weirdness & Mutations

You have extremely sharp teeth.
When hurt, damage is shared between your health and your magic reserves.
Your bite disrupts and absorbs the magic of your enemies.
Potions cannot restore your health.


Message History

The hobgoblin hits you. You block the hobgoblin's attack.
You closely miss the hobgoblin. You bite the hobgoblin.
You kill the hobgoblin!
The rat barely misses you.
You closely miss the rat. You bite the rat, but do no damage.
You block the rat's attack.
Your shield and scale mail prevent you from hitting the rat.
The rat bites you but does no damage. x2
You barely miss the rat. Your bite misses the rat.
You block the rat's attack. x2
You hit the rat. You block the rat's attack.
You completely miss the rat. You block the rat's attack.
The rat bites you but does no damage.
You hit the rat.
You kill the rat!
No target in view!
No target in view!
No target in view!
No target in view!
No target in view!
No target in view!
No target in view!
There is an open door to the Dungeon, spattered with blood here.
You see here a bat corpse.
You open the door.
An iguana, a scorpion, a gnoll shaman, an orc and a skeleton come into view.
The orc is wielding a +2 mace of holy wrath.
The gnoll shaman shouts!
The iguana hisses angrily.
You hit the orc. Your bite misses the orc. You block the orc's attack. x2
You closely miss the orc. You bite the orc. You drain its power.
You block the orc's attack.
You hit the orc.
You kill the orc!
You have reached level 2!
You hit the gnoll shaman. Your bite misses the gnoll shaman.
The gnoll shaman hits you with a +0 club. x2
* * * LOW HITPOINT WARNING * * *
You hit the gnoll shaman but do no damage.
You bite the gnoll shaman. You drain its power.
You feel invigorated.
The gnoll shaman hits you but does no damage.
The gnoll shaman hits you with a +0 club.
* * * LOW HITPOINT WARNING * * *
You hit the gnoll shaman but do no damage.
You bite the gnoll shaman, but do no damage.
The gnoll shaman barely misses you.
Unknown command.
You hit the gnoll shaman.
You bite the gnoll shaman, but do no damage.
The gnoll shaman closely misses you.
The gnoll shaman hits you with a +0 club!
You die... ▓▓▓▓▓▓▓▓▓▓▓▓▓▓▓▓▓▓ ▓<...†....@glsZ..+ ▓▓▓▓▓▓▓▓▓▓▓▓▓▓▓▓▓▓

You could see a gnoll shaman, a scorpion, an iguana and an adder skeleton.

Vanquished Creatures
  An orc (D)
  A ball python (D)
  A bat (D)
  An endoplasm (D)
  A hobgoblin (D)
  A rat (D)
6 creatures vanquished.

Notes
Turn   | Place    | Note
-------+----------+-------------------------------------------
     0 | D        | Brandom the Vine Stalker Fighter began the quest for the
                  | Orb.
     0 | D        | Reached XP level 1. HP: 11/11 MP: 2/2
   100 | D        | Noticed a gnoll shaman
   100 | D        | Noticed an iguana
   100 | D        | Noticed a scorpion
   104 | D        | Reached XP level 2. HP: 16/16 MP: 3/3
   107 | D        | Slain by a gnoll shaman

Illustrated notes

Levels and vault maps discovered:
D:        linesprint [early_d, line_temple, items_1, d_10, items_2, lair_1,
          lair_end, items_3, orc_1, orc_end, items_4, d_15, swamp_1, shoals_1,
          snake_1, spider_1, d_20, vaults_1, items_5, swamp_end, shoals_end,
          snake_end, spider_end, vaults_end, d_27, items_6, zot_1, zot_end,
          crypt_end, forest_end, elf_end, slime_end, tomb_end, abyss_end,
          pan_hell_end]

Skill      XL: |  1 |
---------------+----+-----
Long Blades    | 2 |  2.5
Fighting       | 3 |  3.2
Shields        | 3 |  3.2
Armour         | |  2.9

Action                   || total
-------------------------++-------
Melee: Long sword        ||    23
       Bite              ||     9
Armor: Scale mail        ||     8
Dodge: Dodged            ||     6
Block: Kite shield       ||    11
       Rpst.: Long sword ||     1

Table legend: (Time is in decaauts)
 A = Elapsed time spent in this place.
 B = Non-inter-level travel time spent in this place.
 C = Inter-level travel time spent in this place.
 D = Time resting spent in this place.
 E = Time spent auto-exploring this place.
 F = Levels seen in this place.
 G = Mean time per level.
                   A        B        C        D        E       F      G
               +--------+--------+--------+--------+--------+-----+--------+
         Total |    118 |    118 |      0 |      0 |     83 |   1 |  118.0 |
       Dungeon |    118 |    118 |      0 |      0 |     83 |   1 |  118.0 |
               +--------+--------+--------+--------+--------+-----+--------+

Top non-repeatable levels by time:
       D: 118 daAuts
